 Dungeon Crawl Stone Soup version 0.31.0-11-ge490571c62 (webtiles) character file.

Game seed: 1144058111257900639

360 Gadfly the Ducker (level 6, -5/48 HPs)
             Began as a Merfolk Monk on Jan 27, 2024.
             Slain by an ice beast (9 damage)
             ... on level 5 of the Dungeon.
             The game lasted 00:08:40 (4525 turns).

Gadfly the Ducker (Merfolk Monk)                    Turns: 4525, Time: 00:08:41

Health: -5/48      AC:  6    Str: 18    XL:     6   Next: 65%
Magic:  0/8        EV: 15    Int: 13    God:
Gold:   193        SH:  0    Dex: 20    Spells: 5/5 levels left

rFire   . . .        b - +1 short sword (venom)
rCold   . . .        (no shield)
rNeg    . . .        u - +4 robe of Augmentation {Str+4 Int+4 Dex+4}
rPois   .            (helmet currently unavailable)
rElec   .            (cloak currently unavailable)
rCorr   .            l - melded +1 Delatra's gloves {ID++}
SInv    +            (boots currently unavailable)
Will    .....        j - amulet of guardian spirit
Stlth   ++           s - ring of see invisible
HPRegen 0.28/turn    (no ring)
MPRegen 0.11/turn

%: guardian spirit
@: beast-form
A: beast (slay +1), (nimble swimmer 2), mertail
a: Begin Untransformation


You were on level 5 of the Dungeon.
You were a hulking beast.
You visited 1 branch of the dungeon, and saw 5 of its levels.

You collected 193 gold pieces.

Inventory:

Hand Weapons
 b - a +1 short sword of venom (weapon)
 o - a +2 whip of freezing
Missiles
 q - a throwing net (quivered)
Armour
 c - an orb of light
 g - the +3 leather armour "Onoso" {rElec rF++ Will-}
   (You found it on level 3 of the Dungeon)

   rF++:      It greatly protects you from fire.
   rElec:     It insulates you from electricity.
   Will-:     It decreases your willpower.
 l - the +1 Delatra's gloves (melded) {ID++}
   (You found it on level 2 of the Dungeon)

   ID++:      It heals its wearer when they drink unknown potions, and restores
   their MP when they read unknown scrolls.
 u - the +4 robe of Augmentation (worn) {Str+4 Int+4 Dex+4}
   (You found it on level 5 of the Dungeon)

   Str+4:     It affects your strength (+4).
   Int+4:     It affects your intelligence (+4).
   Dex+4:     It affects your dexterity (+4).
Jewellery
 j - an amulet of guardian spirit (around neck)
 s - a ring of see invisible (left hand)
Talismans
 i - a blade talisman
 n - a beast talisman (active)
Scrolls
 a - a scroll of identify
 e - 3 scrolls of teleportation
 p - a scroll of enchant armour
Potions
 d - a potion of attraction
 f - 3 potions of curing
 h - 4 potions of ambrosia
 k - a potion of berserk rage
 m - 2 potions of might
 r - a potion of enlightenment {unknown}


   Skills:
 + Level 4.0 Fighting
 + Level 5.0 Dodging
 * Level 4.5 Unarmed Combat
 * Level 2.9 Invocations
 * Level 2.6 Evocations
 * Level 3.0 Shapeshifting


You had 5 spell levels left.
You didn't know any spells.
Your spell library was empty.

Dungeon Overview and Level Annotations

Branches:
Dungeon (5/15)
 Temple: D:4-7

Altars:
Dithmenos
Trog

Shops:
D:1 [   D:3 (   D:4 =


Innate Abilities, Weirdness & Mutations

You are a hulking beast.
Your limbs bulge with bestial killing power. (Slay +1)
((You are very nimble when in or above water. (Stealth+, EV+, Speed+++)))
Your lower body shifts to a powerful aquatic tail in water.


Message History

You are too injured to fight recklessly!
You are too injured to fight recklessly!
You are too injured to fight recklessly!
You are too injured to fight recklessly!
You are too injured to fight recklessly!
You are too injured to fight recklessly!
You are too injured to fight recklessly!
You hit the ice beast.
The ice beast is moderately wounded.
The ice beast closely misses you.
You hit the ice beast but do no damage.
The ice beast is moderately wounded.
The ice beast barely misses you.
You barely miss the ice beast.
The ice beast is moderately wounded.
The ice beast misses you.
You hit the ice beast. Your punch misses the ice beast.
The ice beast is moderately wounded.
The ice beast closely misses you.
You hit the ice beast.
The ice beast is moderately wounded.
The ice beast closely misses you.
You hit the ice beast.
The ice beast is heavily wounded.
The ice beast hits you but does no damage.
You hit the ice beast but do no damage.
The ice beast is heavily wounded.
The ice beast hits you. The ice beast freezes you.
You hit the ice beast.
The ice beast is severely wounded.
The ice beast hits you. The ice beast freezes you!
* * * LOW HITPOINT WARNING * * *
You closely miss the ice beast.
The ice beast is severely wounded.
The ice beast hits you but does no damage.
The ice beast attacks as it pursues you!
The ice beast hits you.
* * * LOW HITPOINT WARNING * * *
The ice beast freezes you!
You die...

..............#.....#
..............#.....#
.............#.....#
#...........#.....# ..
#..........#.....#...
#..........#.....#..
#...# ##'####.#
##'###+####.####.###
####.Yh................
##...............^......
.........................
............[............
######......##.!.##.†.##.
##......##...##...#
#........#....#...#
#[.......#....#...#
#........#....#<..#


You could see an ice beast.

Vanquished Creatures
  A kobold brigand (D:4)
  A hound (D:3)
  An iguana (D:5)
  An orc wizard (D:2)
  Terence (D:2)
  7 adders
  6 dart slugs
  A ribbon worm (D:2)
  8 orcs
  7 endoplasms
  4 giant cockroaches
  6 goblins
  9 hobgoblins
  5 quokkas
  3 ball pythons
  6 bats
  4 frilled lizards
  33 kobolds
  4 rats
108 creatures vanquished.

Notes
Turn   | Place    | Note
-------+----------+-------------------------------------------
     0 | D:1      | Gadfly the Merfolk Monk began the quest for the Orb.
     0 | D:1      | Reached XP level 1. HP: 18/18 MP: 1/1
   301 | D:1      | Reached XP level 2. HP: 24/24 MP: 2/2
   357 | D:1      | Found Hatru's Antique Armour Boutique.
   524 | D:1      | Reached skill level 1 in Shapeshifting
   641 | D:1      | Reached XP level 3. HP: 14/29 MP: 3/3
   642 | D:1      | Reached skill level 1 in Invocations
  1014 | D:2      | Reached skill level 1 in Evocations
  1054 | D:2      | Noticed Terence
  1068 | D:2      | Killed Terence
  1148 | D:2      | Reached XP level 4. HP: 36/36 MP: 3/5
  1466 | D:2      | Found the +1 Delatra's gloves {ID++}
  1872 | D:3      | Identified the +3 leather armour "Onoso" {rElec rF++ Will-}
  1912 | D:3      | Reached XP level 5. HP: 37/42 MP: 6/6
  2585 | D:3      | Found Xiameat's Antique Weapon Emporium.
  3097 | D:4      | Found Xujuavan's Jewellery Emporium.
  3378 | D:4      | Reached XP level 6. HP: 48/48 MP: 5/7
  4161 | D:5      | Entered Level 5 of the Dungeon
  4161 | D:5      | Found a shadowy altar of Dithmenos.
  4161 | D:5      | Found a bloodstained altar of Trog.
  4357 | D:5      | Reached skill level 5 in Dodging
  4418 | D:5      | Found the +4 robe of Augmentation {Str+4 Int+4 Dex+4}
  4508 | D:5      | Noticed an ice beast
  4525 | D:5      | Slain by an ice beast

Illustrated notes

Levels and vault maps discovered:
D:1:      kilobyte_arrival_exit_the_forest, layout_basic, serial_shops, shop,
          serial_bayou, serial_bayou_lagoon_b, serial_bayou_lagoon_a,
          serial_bayou_pond_d, serial_bayou_crossing, serial_bayou_lake_a,
          serial_bayou_pond_d, kennysheep_nondescript
D:2:      layout_rooms, corexii_shack, pf_guarded_unrand_delatra, uniq_terence
D:3:      layout_basic, serial_shops, shop
D:4:      kennysheep_kobold_camp, layout_basic, serial_shops,
          nicolae_lakefront_shop, minmay_statues_item
D:5:      layout_gridville, grunt_temple_overflow_open,
          minmay_temple_entry_enclosed_plants, portal_sewer_entry_c

Skill      XL: |  1  2  3  4  5  6 |
---------------+-------------------+-----
Shapeshifting  | 1 2 3 |  3.0
Invocations    | 1 2 |  2.9
Evocations     | 1 2 |  2.6
Unarmed Combat | 4 |  4.5
Fighting       | 4 |  4.0
Dodging        | 5 |  5.0

Action                     |  1- 3 |  4- 6 || total
---------------------------+-------+-------++-------
  Melee: Unarmed           |    40 |    37 ||    77
         Tailslap          |     1 |       ||     1
         Short sword       |    54 |   230 ||   284
         Punch             |     2 |     9 ||    11
    Use: Scroll            |     3 |     9 ||    12
         Potion            |       |     1 ||     1
   Stab: Sleeping          |     1 |     6 ||     7
 Armour: Robe              |    38 |   119 ||   157
  Dodge: Dodged            |    65 |   172 ||   237
   Form: Beast             |       |     2 ||     2
                           |       |     1 ||     1
